 Dungeon Crawl Stone Soup version 0.31.0-9-g3a7656b989 (webtiles) character file.

Game seed: 2323607308456662368

1545787 MacCMillion the Invulnerable (level 26, 266/266 HPs)
             Began as a Minotaur Berserker on Jan 26, 2024.
             Was a High Priest of Trog.
             Escaped with the Orb
             ... and 3 runes!
             The game lasted 02:37:14 (84118 turns).

MacCMillion the Invulnerable (Minotaur Berserker)  Turns: 84118, Time: 02:37:14

Health: 266/266    AC: 38    Str: 38    XL:     26   Next: 93%
Magic:  22/22      EV: 15    Int:  4    God:    Trog [*****.]
Gold:   5948       SH: 31    Dex: 10    Spells: 25/25 levels left

rFire   + + .        Y - +9 broad axe (vamp)
rCold   + + +        R - +2 tower shield {rC+}
rNeg    . . .        c - +11 gold dragon scales
rPois   +            (helmet restricted)
rElec   +            u - scarf {repulsion}
rCorr   +            q - +1 pair of gloves of the Assorted Emperors {rElec rF+}
SInv    +            T - +1 pair of boots
Will    ++...        F - amulet of the Stag {Reflect rElec rC+ rCorr SH+5} Stlth
                     w - ring "Furcheu" {rC+ Will+ Str+6}
HPRegen 0.64/turn    r - ring of see invisible
MPRegen 0.18/turn

%: repel missiles, reflection
@: no status effects
A: horns 2, retaliatory headbutt, deformed body, deterioration 1, weak 1,
evolution 1, no potion heal 1, inability to drink after injury 1, inability to
read after injury 1
0: Orb of Zot
}: 3/15 runes: decaying, serpentine, silver
a: Renounce Religion, Berserk, Trog's Hand, Brothers in Arms


You escaped.
You worshipped Trog.
Trog was extremely pleased with you.
You visited 10 branches of the dungeon, and saw 50 of its levels.
You also visited: Ice Cave.

You collected 8876 gold pieces.
You spent 2928 gold pieces at shops.

Inventory:

Hand Weapons
 B - a +9 heavy broad axe
 Y - a +9 vampiric broad axe (weapon)
Missiles
 J - 3 curare-tipped darts
 L - 2 throwing nets
Armour
 c - +11 gold dragon scales (worn)
 q - the +1 pair of gloves of the Assorted Emperors (worn) {rElec rF+}
   (You acquired it on level 2 of the Lair of Beasts)

   rF+:       It protects you from fire.
   rElec:     It insulates you from electricity.
 u - a scarf of repulsion (worn)
 R - a +2 tower shield of cold resistance (worn)
 T - a +1 pair of boots (worn)
Jewellery
 a - a ring of protection from fire
 h - the ring of Kehinan {rPois rF- Str+5 Dex+6}
   (You found it on level 7 of the Dungeon)

   [ring of dexterity]

   Str+5:     It affects your strength (+5).
   Dex+6:     It affects your dexterity (+6).
   rF-:       It makes you vulnerable to fire.
   rPois:     It protects you from poison
 r - a ring of see invisible (right hand)
 w - the ring "Furcheu" (left hand) {rC+ Will+ Str+6}
   (You bought it in a shop on level 2 of the Depths)

   [ring of strength]

   Str+6:     It affects your strength (+6).
   rC+:       It protects you from cold.
   Will+:     It increases your willpower.
 y - a ring of flight
 C - a +6 ring of dexterity
 F - the amulet of the Stag (around neck) {Reflect rElec rC+ rCorr SH+5}
   (You bought it in a shop on level 2 of the Orcish Mines)

   [amulet of reflection]

   Reflect:   It reflects blocked missile attacks.
   rC+:       It protects you from cold.
   rElec:     It insulates you from electricity.
   rCorr:     It protects you from acid and corrosion.
   SH+5:      It affects your SH (+5).
 X - a ring of positive energy
Wands
 b - a wand of flame (127) (quivered)
 m - a wand of iceblast (57)
 M - a wand of quicksilver (20)
 N - a wand of paralysis (47)
 P - a wand of digging (20)
Scrolls
 e - 7 scrolls of blinking
 l - 10 scrolls of immolation
 o - 10 scrolls of fear
 p - 20 scrolls of teleportation
 z - 3 scrolls of revelation
 H - a scroll of silence
 I - 2 scrolls of summoning
 K - 3 scrolls of torment
 O - 5 scrolls of fog
 S - 4 scrolls of noise
 V - 7 scrolls of vulnerability
 Z - 7 scrolls of poison
Potions
 d - 9 potions of ambrosia
 f - 4 potions of invisibility
 g - 12 potions of attraction
 i - 2 potions of resistance
 j - 3 potions of might
 k - 9 potions of enlightenment
 t - 5 potions of haste
 v - 11 potions of curing
 x - 6 potions of lignification
 E - 10 potions of heal wounds
 Q - 5 potions of magic
 U - 6 potions of cancellation
Miscellaneous
 n - a lightning rod (4/4)
 A - a sack of spiders
 D - a condenser vane
 G - a phial of floods (inert)
 W - a phantom mirror


   Skills:
 O Level 27 Fighting
 O Level 27 Axes
 - Level 3.0 Throwing
 O Level 27 Armour
 + Level 20.7 Dodging
 O Level 27 Shields
 - Level 12.2 Evocations


You had 25 spell levels left.
You didn't know any spells.
Your spell library was empty.

Dungeon Overview and Level Annotations

Branches:
Dungeon (15/15)            Temple (0/1) D:4            Lair (5/5) D:9
  Swamp (4/4) Lair:3        Snake (4/4) Lair:2        Slime (0/5) Lair:5
    Orc (2/2) D:10            Elf (3/3) Orc:2        Vaults (5/5) D:14
  Crypt (3/3) Vaults:2       Tomb (0/3) Crypt:3      Depths (4/4) D:15
    Zot (5/5) Depths:4      IceCv (visited)

Altars:
Ashenzari
Cheibriados
Dithmenos
Elyvilon
Fedhas
Gozag
Hepliaklqana
Kikubaaqudgha
Okawaru
Sif Muna
Uskayaw
Wu Jian
Xom
Yredelemnul

Shops:
D:3 [   D:7 !   Orc:2 ?*!=   Elf:3 :   Snake:2 *!   Vaults:3 [   Vaults:4 [
Depths:2 :=:

Portals:
Hell: Depths:1 Depths:2 Depths:3 Depths:4
Abyss: Depths:1 Depths:3
Pandemonium: Depths:1 Depths:2
Ziggurat: Depths:1

Annotations:
D:10 2 transporters, Killerpretzel's ghost, novice DECj
Lair:5 exclusion: 5 oklob plants
Depths:2 3 runed translucent doors, Viocziel's ghost, adept TrMo
Zot:2 2 transporters, exclusion: 2 orange crystal statues, Heisao's ghost, legendary TrBe; Uneer's ghost, legendary GnFE
Zot:3 1 transporter


Innate Abilities, Weirdness & Mutations

You have a pair of horns on your head.
You reflexively headbutt those who attack you in melee.
Armour fits poorly on your strangely shaped body.
Your body sometimes deteriorates upon taking damage.
You are weak. (Str -2)
You have hidden genetic potential.
Potions are less effective at restoring your health.
You occasionally lose the ability to drink potions when taking damage.
You occasionally lose the ability to read scrolls when taking damage.


Message History

A Tzitzimitl comes into view.
You completely miss the Tzitzimitl. You headbutt the Tzitzimitl!
The Tzitzimitl is lightly wounded.
You slice the Tzitzimitl!! You headbutt the Tzitzimitl.
The Tzitzimitl is moderately wounded.
The Tzitzimitl engulfs you but does no damage.
You block the Tzitzimitl's attack.
You carve the Tzitzimitl like a ham!!!
The Tzitzimitl is severely wounded.
The Tzitzimitl closely misses you. You furiously retaliate!
You headbutt the Tzitzimitl!!
The Tzitzimitl bites you but does no damage.
You cut the Tzitzimitl into ribbons!!!
You kill the Tzitzimitl!
Trog accepts your kill.
There is a stone staircase leading up here.
You climb upwards.
A large abomination comes into view.
There is a stone staircase leading down here.
No reachable target in view!
Unknown command.
You enter the shallow water.
Moving in this stuff is going to be slow.
There is an open door here.
There is a stone staircase leading up here.
You climb upwards.
There is a stone staircase leading down here.
You open the door.
There is an open door here.
There is a stone staircase leading up here.
You climb upwards.
There is a stone staircase leading down here.
Things that are here:
a +0 club; a +0 club
There is a stone staircase leading up, spattered with blood here.
You climb upwards.
There is a stone staircase leading down here.
There is a staircase leading out of the dungeon here.
There is a staircase leading out of the dungeon here.
You have escaped!

#.#..##..## ##.# #...
#.#.###.#.## ##.## #.## #.#.#
#.##.# #.### #.# ####.#.#
#.##.## ##.#.########.# .......#
#.##..###..#.>......#.#
####...###.###..#..##..:.......#
# #.......# #..#..##.######.###
# ##..##### ##...####.# #.# #
#..# #.@.#.#.## #.#
#####..########...##.## #.#
.............#..#..### #.#
%.###.......##(.#..## #.# #)#
#.#######..###..# #.# #.# #.#
#3## ##.# #.# #.###.# ##X# #.##
#.# ......# ##X## ##.## #.#
#.##### #.### ##.# #.####


You could see 2 large abominations and a sixfirhy (wandering).

Vanquished Creatures
  Tiamat (Zot:1)
  3 ancient liches
  Khufu (Crypt:1)
  2 dread liches (Vaults:5)
  4 orbs of fire
  A juggernaut (Depths:2)
  Xtahua (Vaults:5)
  Sojobo (Crypt:1)
  2 royal mummies (Crypt:2)
  10 Killer Klowns
  Vashnia (Snake:4)
  6 caustic shrikes
  4 curse toes
  11 golden dragons
  2 bone dragons
  A Tzitzimitl (D:5)
  3 electric golems
  28 tentacled monstrosities
  Jorgrun (D:12)
  2 Ice Fiends
  7 liches
  26 Orb Guardians
  7 sphinxes
  2 deep elf master archers (Elf:3)
  3 deep elf blademasters
  7 titans
  Asterion (Vaults:1)
  7 quicksilver dragons
  10 ancient champions
  2 Executioners
  A thorn hunter (Swamp:4)
  Kirke (Lair:5)
  5 death cobs
  Aizul (Snake:2)
  17 shadow dragons
  5 tengu reavers
  13 storm dragons
  6 nagarajas
  Roxanne (Snake:4)
  9 protean progenitors
  2 revenants (Crypt:3)
  Donald (Swamp:4)
  3 draconian monks
  5 deep elf sorcerers
  9 fire giants
  20 vault wardens
  A balrug (Depths:4)
  5 draconian knights
  3 draconian shifters
  2 iron dragons
  9 draconian scorchers
  5 deep elf elementalists (Elf:3)
  9 ghost moths
  10 frost giants
  5 ghouls
  Louise (Elf:1)
  21 ironbound preservers
  A cacodemon (D:8)
  A draconian stormcaller (Zot:2)
  3 formless jellyfish
  4 broodmothers
  31 very ugly things
  An orc warlord (Vaults:3)
  7 ironbound thunderhulks
  A spriggan defender (Depths:4)
  The ghost of Mallanif the Martial Artist, a journeyman GnSh of Ashenzari (D:13)
  6 draconian annihilators
  21 stone giants
  6 vampire knights
  A lorocyproca (Depths:2)
  7 green draconians
  2 eleionomae
  6 deep elf demonologists
  15 deep elf death magi
  2 dire elephants
  8 white draconians
  17 red draconians
  A purple draconian (Depths:4)
  14 black draconians
  3 spark wasps
  6 deep elf annihilators
  4 bunyips
  4 war gargoyles
  11 yellow draconians
  A blizzard demon (Zot:4)
  A crystal guardian (Vaults:3)
  14 ettins
  2 eidola (Crypt:3)
  10 yaktaur captains
  A quicksilver dragon zombie (Crypt:3)
  8 fire dragons
  2 entropy weavers
  7 great orbs of eyes
  A fenstrider witch zombie (Crypt:1)
  11 ice dragons
  11 jiangshi
  A spriggan zombie (Crypt:1)
  3 deep elf high priests
  5 alligators
  A hell beast (Depths:4)
  Harold (D:9)
  A caustic shrike simulacrum (Depths:2)
  34 vault guards
  An ogre mage (Vaults:5)
  8 hydras
  5 rakshasas
  7 peacekeepers
  3 spriggan air magi
  A quicksilver dragon skeleton (Crypt:2)
  2 salamander tyrants
  3 catoblepae
  A spriggan skeleton (Depths:2)
  An alligator (shapeshifter) (Vaults:5)
  14 ironbound frosthearts
  24 dancing weapons
  An azure jelly zombie (Crypt:2)
  9 boulder beetles
  2 radroaches (Zot:4)
  10 two-headed ogres
  16 naga warriors
  6 deep troll shamans
  13 centaur warriors
  10 anacondas
  3 deep troll earth magi
  An Orb Guardian skeleton (Crypt:3)
  18 naga sharpshooters
  6 vampire magi
  7 orc high priests
  2 soul eaters
  7 spriggan berserkers
  11 tengu warriors
  An occultist (Depths:1)
  13 shock serpents
  9 hell knights
  9 spriggans
  Sonja (Lair:5)
  10 deep elf knights
  7 salamander mystics
  10 goliath frogs
  A spectral spark wasp (Depths:4)
  A sixfirhy (D:8)
  A fire crab (shapeshifter) (Elf:1)
  A skyshark (Lair:5)
  3 spriggan druids
  3 death drakes
  4 large abominations
  12 mana vipers
  3 arcanists
  2 sea snakes (Snake:2)
  8 flayed ghosts
  8 skeletal warriors
  3 iron trolls (Depths:1)
  51 deep trolls
  2 shadow wraiths (Crypt:3)
  2 glowing orange brains
  2 orange crystal statues
  3 shadow dragon zombies
  11 deep elf archers
  Lodul (D:12)
  A swamp dragon (Swamp:4)
  7 bog bodies
  A naga ritualist (Snake:3)
  A tengu zombie (Depths:2)
  3 spectral hydras (Swamp:4)
  10 phantasmal warriors
  5 lindwurms
  11 orc knights
  A spectral wolf spider (D:13)
  A fenstrider witch simulacrum (Crypt:2)
  20 deep elf zephyrmancers
  16 ironbound convokers
  2 alligator zombies (Swamp:4)
  A lindwurm (shapeshifter) (Vaults:1)
  2 spectral alligators (Swamp:4)
  5 necromancers
  35 deep elf pyromancers
  4 harpies (Vaults:3)
  A shining eye (shapeshifter) (Depths:2)
  9 orc sorcerers
  A wolf spider (Vaults:5)
  30 ugly things
  A shadow dragon skeleton (Depths:2)
  16 salamanders
  A wolf spider (shapeshifter) (Vaults:5)
  6 elephants
  2 manticores
  6 will-o-the-wisps
  A frost giant skeleton (Vaults:2)
  A stone giant zombie (Crypt:2)
  3 cyclopes
  An iron dragon skeleton (Vaults:4)
  Maurice (D:11)
  2 kobold blastminers (Orc:2)
  2 ice statues
  28 moths of wrath
  26 cane toads
  2 water nymphs (shapeshifter) (Depths:2)
  A black mamba (shapeshifter) (D:9)
  4 spectral centaurs (D:13)
  16 black mambas
  2 guardian serpents (Snake:3)
  14 naga magi
  An orange demon (D:8)
  A shock serpent skeleton (Crypt:3)
  An eye of devastation (shapeshifter) (Depths:3)
  3 centaur skeletons
  A torpor snail (Lair:3)
  24 vault sentinels
  9 rime drakes
  A gargoyle (D:12)
  Maggie (D:9)
  A rime drake (shapeshifter) (Depths:4)
  A sea snake zombie (Crypt:2)
  A kobold demonologist (D:9)
  A naga skeleton (Crypt:2)
  An alligator snapping turtle zombie (Crypt:3)
  7 freezing wraiths
  5 swamp worm zombies
  2 hellions
  4 komodo dragons
  A yaktaur (shapeshifter) (D:15)
  2 efreet
  A steelbarb worm zombie (Crypt:3)
  An unseen horror skeleton (Crypt:1)
  An unseen horror zombie (Crypt:3)
  36 yaktaurs
  4 tengu conjurers
  A human zombie (Vaults:2)
  5 spectral deep trolls (Crypt:1)
  A harpy zombie (Crypt:3)
  A merfolk (shapeshifter) (Vaults:5)
  A minotaur skeleton (Crypt:1)
  An iron troll skeleton (Crypt:1)
  Prince Ribbit (D:9)
  A sea snake skeleton (Crypt:2)
  2 hydra zombies (Swamp:4)
  9 trolls
  13 tyrant leeches
  9 polar bears
  A fire dragon zombie (Crypt:2)
  20 blink frogs
  10 hornets
  A harpy skeleton (Crypt:1)
  A meliai zombie (Crypt:2)
  A human simulacrum (Vaults:2)
  2 spectral swamp dragons (Swamp:4)
  A dream sheep (shapeshifter) (Vaults:5)
  27 slime creatures
  2 glass eyes (Depths:2)
  2 air elementals
  A centaur simulacrum (D:13)
  A culicivora (shapeshifter) (Depths:2)
  3 water elementals
  A ynoxinul (D:13)
  4 shadows
  6 vampires
  23 fire elementals
  4 wyverns
  12 wraiths
  40 yaks
  6 tyrant leech zombies (Swamp:4)
  4 hogs
  A steam dragon (D:9)
  7 wargs
  8 humans (Zot:1)
  3 basilisks
  5 redbacks (Vaults:5)
  14 vampire mosquitoes
  A harpy simulacrum (Crypt:1)
  A swamp worm (shapeshifter) (Depths:2)
  44 nagas
  Menkaure (D:6)
  10 swamp worms
  A faun zombie (Crypt:1)
  2 acid dragons
  9 water moccasins
  An ogre skeleton (Vaults:2)
  A water moccasin (shapeshifter) (Depths:2)
  Duvessa (D:7)
  3 swamp drakes (Swamp:3)
  4 ice beasts
  A sky beast (D:8)
  5 swamp dragon zombies (Swamp:4)
  39 orc warriors
  17 laughing skulls
  4 black bears
  17 ogres
  5 spriggan simulacra (Depths:2)
  A boggart (Vaults:3)
  A small abomination (Depths:4)
  11 wolves
  A boggart (shapeshifter) (D:13)
  A manticore skeleton (Crypt:2)
  A blink frog skeleton (Crypt:3)
  9 centaurs
  7 phantoms
  5 kobold brigands
  3 necrophages (Crypt:3)
  3 gnoll sergeants
  20 bullfrogs
  2 earth elementals
  3 scorpions (D:5)
  An elf skeleton (Crypt:2)
  A draconian skeleton (Crypt:2)
  2 human skeletons (Vaults:4)
  3 wights
  A hornet simulacrum (D:13)
  Dowan (D:7)
  6 killer bees
  4 howler monkeys
  2 bombardier beetles
  An electric eel (D:6)
  A spectral boggart (D:13)
  A black bear zombie (Crypt:2)
  31 orc priests
  3 hounds
  4 gnoll boudas
  4 iguanas
  47 orc wizards
  Terence (D:2)
  A killer bee zombie (Crypt:1)
  A naga zombie (Crypt:3)
  A mummy (Crypt:2)
  25 gnolls
  5 adders
  4 shadow imps
  A white imp (D:6)
  3 ufetubi
  2 dart slugs
  2 ribbon worms
  67 orcs
  8 endoplasms
  3 giant cockroaches
  8 goblins
  4 hobgoblins
  2 quokkas
  7 ball pythons
  3 bats
  3 frilled lizards
  14 kobolds
  A rat (D:1)
  A rat zombie (Crypt:1)
  A spectral weapon (Snake:4)
2186 creatures vanquished.

Vanquished Creatures (collateral kills)
  2 orbs of fire (Zot:5)
  Mara (Depths:1)
  Saint Roka (Elf:3)
  Nikola (Snake:4)
  3 Orb Guardians (Zot:5)
  3 tentacled monstrosities
  A quicksilver dragon (Zot:5)
  A vault warden (Vaults:2)
  A draconian scorcher (Zot:1)
  A draconian shifter (Zot:1)
  A draconian stormcaller (Zot:1)
  A ghoul (Crypt:1)
  A draconian annihilator (Zot:1)
  A black draconian (Zot:1)
  3 purple draconians (Zot:1)
  A red draconian (Zot:5)
  A hydra (Swamp:3)
  2 ironbound frosthearts (IceCv)
  2 death knights
  A dancing weapon (Elf:2)
  A hell knight (Depths:1)
  3 deep elf knights
  An iron troll (Depths:1)
  A flayed ghost (Crypt:1)
  A deep elf zephyrmancer (Elf:3)
  2 phantasmal warriors
  2 yaktaurs (Vaults:2)
  2 rime drakes (IceCv)
  A freezing wraith (Crypt:1)
  A polar bear (IceCv)
  A death drake skeleton (Crypt:1)
  3 laughing skulls
48 creatures vanquished.

Vanquished Creatures (others)
  A tengu reaver (Crypt:1)
  A draconian monk (Zot:2)
  A ghost moth (Zot:2)
  An ice dragon (Depths:3)
  3 deep elf knights
  A deep elf zephyrmancer (Elf:1)
  An orc sorcerer (Vaults:5)
  A deep elf pyromancer (D:13)
  2 hornets (Swamp:4)
  5 bloated husks
  A spriggan (Swamp:4)
  A water elemental (Elf:3)
  A laughing skull (Crypt:2)
  2 phantoms (Swamp:4)
  4 orc wizards (Orc:2)
  A quokka (Depths:4)
  16 foxfires
43 creatures vanquished.

Grand Total: 2277 creatures vanquished

Notes
Turn   | Place    | Note
-------+----------+-------------------------------------------
     0 | D:1      | MacCMillion the Minotaur Berserker began the quest for the
                  | Orb.
     0 | D:1      | Reached XP level 1. HP: 19/19 MP: 0/0
   266 | D:1      | Reached XP level 2. HP: 20/27 MP: 1/1
   811 | D:2      | Reached XP level 3. HP: 23/33 MP: 2/2
   908 | D:2      | Reached ** piety under Trog
   987 | D:2      | Noticed Terence
  1013 | D:2      | Killed Terence
  1014 | D:2      | Reached XP level 4. HP: 41/41 MP: 3/3
  1667 | D:2      | Identified the +12 whip of Corruption {pain, ^Contam rF++
                  | MP+9 Str+2}
  2244 | D:3      | Found Enuloul's Antique Armour Boutique.
  2314 | D:3      | Found an opulent altar of Gozag.
  2471 | D:3      | Reached skill level 5 in Axes
  2471 | D:3      | Reached XP level 5. HP: 47/47 MP: 4/4
  2762 | D:4      | Found a hide-covered altar of Uskayaw.
  3024 | D:4      | Reached XP level 6. HP: 52/53 MP: 5/5
  3093 | D:4      | Found a staircase to the Ecumenical Temple.
  3278 | D:4      | Found a blossoming altar of Fedhas.
  3542 | D:5      | Entered Level 5 of the Dungeon
  3849 | D:5      | Noticed a water moccasin
  3861 | D:5      | Killed a water moccasin
  3862 | D:5      | Reached skill level 5 in Dodging
  3954 | D:5      | Reached XP level 7. HP: 48/60 MP: 6/6
  4932 | D:5      | Noticed a wyvern
  4944 | D:5      | Killed a wyvern
  5125 | D:5      | Reached XP level 8. HP: 67/67 MP: 7/7
  5197 | D:5      | Reached skill level 10 in Axes
  5743 | D:5      | Reached skill level 5 in Fighting
  6588 | D:6      | Reached skill level 5 in Armour
  7537 | D:6      | Noticed Menkaure
  7544 | D:6      | Killed Menkaure
  7687 | D:6      | Found a shadowy altar of Dithmenos.
  7757 | D:6      | Reached XP level 9. HP: 78/78 MP: 8/8
  7830 | D:6      | Reached skill level 1 in Evocations
  8201 | D:7      | Reached *** piety under Trog
  8572 | D:7      | Identified the ring of Kehinan {rPois rF- Str+5 Dex+6}
  9028 | D:7      | Noticed Dowan
  9143 | D:7      | Reached skill level 1 in Shields
  9273 | D:7      | Found Ekenuo's Distillery.
  9281 | D:7      | Bought a potion of curing for 45 gold pieces
  9281 | D:7      | Bought a potion of might for 60 gold pieces
  9687 | D:7      | Noticed Duvessa
  9712 | D:7      | Killed Duvessa
  9715 | D:7      | Killed Dowan
 10192 | D:8      | Noticed a two-headed ogre
 10198 | D:8      | Killed a two-headed ogre
 10199 | D:8      | Reached XP level 10. HP: 90/90 MP: 9/9
 10781 | D:8      | Found a shimmering altar of Xom.
 10782 | D:8      | Found a shimmering altar of Xom.
 10783 | D:8      | Found a shimmering altar of Xom.
 10785 | D:8      | Found a shimmering altar of Xom.
 10882 | D:8      | Reached **** piety under Trog
 11133 | D:9      | Noticed Harold
 11140 | D:9      | Killed Harold
 11245 | D:9      | Noticed Maggie
 11255 | D:9      | Killed Maggie
 11351 | D:9      | Found a broken altar of Ashenzari.
 11521 | D:9      | Found a staircase to the Lair.
 11727 | D:9      | Noticed Prince Ribbit
 11729 | D:9      | Killed Prince Ribbit
 11730 | D:9      | Reached skill level 5 in Shields
 12205 | D:9      | Found an iron altar of Okawaru.
 12514 | D:9      | Noticed a smoke demon
 12515 | D:9      | Noticed a smoke demon
 12716 | D:9      | Reached XP level 11. HP: 99/99 MP: 10/10
 12723 | D:9      | Reached skill level 10 in Fighting
 12858 | D:9      | Reached skill level 10 in Armour
 13118 | D:9      | Noticed a green ugly thing
 13125 | D:9      | Identified the +4 rapier "Saidghoesh" {freeze, Str+6}
 13125 | D:9      | Noticed a centaur warrior
 13130 | D:9      | Killed a centaur warrior
 13136 | D:9      | Killed a green ugly thing
 13482 | D:9      | Noticed a red ugly thing
 13493 | D:9      | Killed a red ugly thing
 14092 | D:10     | Entered Level 10 of the Dungeon
 14523 | D:10     | Found a snail-covered altar of Cheibriados.
 14528 | D:10     | Noticed a two-headed ogre
 14533 | D:10     | Killed a two-headed ogre
 14977 | D:10     | Found a staircase to the Orcish Mines.
 14990 | D:10     | Noticed a two-headed ogre
 15009 | D:10     | Killed a two-headed ogre
 15249 | D:10     | Noticed Killerpretzel's ghost (novice DECj)
 15251 | D:10     | Found a transporter.
 15251 | D:10     | Noticed a two-headed ogre
 15251 | D:10     | Noticed a two-headed ogre
 15252 | D:10     | Identified the +4 giant club of the Neverending Hells
                  | {flame, rF+ Dex+3}
 15252 | D:10     | Noticed a two-headed ogre
 15492 | D:10     | Found a hazy altar of Hepliaklqana.
 15802 | D:11     | Noticed a two-headed ogre
 15806 | D:11     | Killed a two-headed ogre
 15807 | D:11     | Reached skill level 15 in Axes
 15807 | D:11     | Reached skill level 10 in Shields
 16062 | D:11     | Noticed Maurice
 16219 | D:10     | Found a transporter.
 16328 | D:11     | Something stole a ring of ice
 16337 | D:11     | Something stole 3 curare-tipped darts
 16338 | D:11     | Killed Maurice
 16345 | D:11     | Reached XP level 12. HP: 97/106 MP: 1/11
 16623 | Lair:1   | Entered Level 1 of the Lair of Beasts
 17036 | Lair:1   | Reached skill level 1 in Throwing
 17581 | Lair:2   | Noticed a seven-headed hydra
 17590 | Lair:2   | Killed a seven-headed hydra
 17651 | Lair:2   | Noticed a seven-headed hydra
 17658 | Lair:2   | Killed a seven-headed hydra
 17736 | Lair:2   | Identified 2 scrolls of acquirement
 17738 | Lair:2   | Acquired a manual of Armour
 17740 | Lair:2   | Acquired the +1 pair of gloves of the Assorted Emperors
                  | {rElec rF+}
 18006 | Lair:2   | Noticed a catoblepas
 18023 | Lair:2   | Killed a catoblepas
 18056 | Lair:2   | You fall into a shaft and drop 2 floors!
 18436 | Lair:2   | Found a staircase to the Snake Pit.
 18722 | Lair:3   | Found a staircase to the Swamp.
 19289 | Lair:3   | Reached ***** piety under Trog
 19454 | Lair:3   | Noticed a catoblepas
 19464 | Lair:3   | Killed a catoblepas
 19609 | Lair:3   | Reached XP level 13. HP: 117/117 MP: 12/12
 20426 | Lair:4   | Received a gift from Trog
 20989 | Lair:5   | Entered Level 5 of the Lair of Beasts
 20989 | Lair:5   | Noticed Kirke
 21302 | Lair:5   | Killed Kirke
 22089 | Lair:5   | Reached skill level 15 in Armour
 22514 | Lair:5   | Found an ornate altar of the Wu Jian Council.
 23189 | Lair:5   | Found a staircase to the Slime Pits.
 23391 | Lair:5   | Noticed Sonja
 23417 | Lair:4   | Reached XP level 14. HP: 106/133 MP: 13/13
 23897 | Lair:5   | Identified the +6 short sword "Heythrihe" {freeze, Str+6}
 24377 | Lair:5   | Killed Sonja
 24808 | Lair:5   | Found an ornate altar of the Wu Jian Council.
 25054 | Lair:5   | Found a staircase to the Slime Pits.
 25723 | Orc:1    | Entered Level 1 of the Orcish Mines
 26358 | Orc:2    | Entered Level 2 of the Orcish Mines
 27262 | Orc:2    | Paralysed by an orc sorcerer for 3 turns
 27330 | Orc:2    | Found a staircase to the Elven Halls.
 27616 | Orc:1    | Reached skill level 15 in Fighting
 27782 | Orc:2    | Reached skill level 15 in Shields
 27969 | Orc:2    | Received a gift from Trog
 28059 | Orc:2    | Found Aheyda's Distillery.
 28059 | Orc:2    | Found Towibrus's Magic Scroll Shop.
 28060 | Orc:2    | Found Zidwyergh's Assorted Antiques.
 28064 | Orc:2    | Found Gaokaffe's Jewellery Boutique.
 28067 | Orc:2    | Bought a potion of cancellation for 136 gold pieces
 28070 | Orc:2    | Bought a scroll of teleportation for 45 gold pieces
 28070 | Orc:2    | Bought a scroll of identify for 30 gold pieces
 28070 | Orc:2    | Bought a scroll of blinking for 112 gold pieces
 28070 | Orc:2    | Bought a scroll of identify for 30 gold pieces
 28281 | D:12     | Noticed Lodul
 28285 | D:12     | Killed Lodul
 28400 | Orc:2    | Bought the amulet of the Stag {Reflect rElec rC+ rCorr
                  | SH+5} for 849 gold pieces
 28545 | D:12     | Reached ****** piety under Trog
 28546 | D:12     | Reached skill level 5 in Evocations
 28634 | D:12     | Noticed Jorgrun
 28645 | D:12     | Killed Jorgrun
 29631 | D:13     | Found a runed translucent gate.
 29633 | D:13     | Found a runed translucent gate.
 29828 | D:13     | Found a runed translucent gate.
 29831 | D:13     | Noticed Mallanif's ghost (journeyman GnSh)
 29916 | D:14     | Found a gate to the Vaults.
 29953 | D:14     | Reached XP level 15. HP: 144/144 MP: 14/14
 31010 | D:15     | Entered Level 15 of the Dungeon
 31312 | D:15     | Found a staircase to the Depths.
 31562 | D:15     | Found a shimmering blue altar of Sif Muna.
 32043 | Snake:1  | Entered Level 1 of the Snake Pit
 32783 | Snake:1  | Received a gift from Trog
 33394 | Snake:2  | Identified the serpent talisman "Well" {rElec rN+ Int+3}
 33394 | Snake:2  | Noticed Aizul
 33407 | Snake:2  | Killed Aizul
 33491 | Snake:2  | Found Goliseq's Assorted Antiques.
 33495 | Snake:2  | Found Qumadan's Distillery.
 33503 | Snake:2  | Bought a potion of resistance for 190 gold pieces
 33689 | Snake:3  | Reached XP level 16. HP: 152/157 MP: 15/15
 34176 | Snake:3  | Reached skill level 10 in Evocations
 34487 | Snake:3  | Received a gift from Trog
 34630 | Snake:4  | Entered Level 4 of the Snake Pit
 34673 | Snake:4  | Noticed Roxanne
 35087 | Snake:4  | Noticed Vashnia
 35637 | Snake:4  | Killed Roxanne
 35843 | Snake:4  | Noticed Nikola
 35856 | Snake:4  | Killed Nikola
 36334 | Snake:4  | Killed Vashnia
 36334 | Snake:4  | Received a gift from Trog
 38139 | Snake:4  | Reached XP level 17. HP: 124/170 MP: 16/16
 39267 | Snake:4  | Got a serpentine rune of Zot
 39482 | Swamp:1  | Entered Level 1 of the Swamp
 39642 | Swamp:1  | Found a glacial archway.
 39657 | IceCv    | Entered an ice cave
 39745 | IceCv    | Identified the +5 broad axe of the Maze {heavy, +Blink rC-
                  | Will++} (Trog gifted it to you in an ice cave)
 39745 | IceCv    | Received a gift from Trog
 41078 | Swamp:2  | Noticed a tentacled monstrosity
 41090 | Swamp:2  | Killed a tentacled monstrosity
 41203 | Swamp:2  | Received a gift from Trog
 42137 | Swamp:3  | Identified the +10 dagger "Zuxut" {flame, Will+ Str+3}
 42252 | Swamp:4  | Entered Level 4 of the Swamp
 42483 | Swamp:4  | Noticed a tentacled monstrosity
 42488 | Swamp:4  | Noticed Donald
 42500 | Swamp:3  | Killed a tentacled monstrosity
 42835 | Swamp:4  | Identified the +1 scale mail of the New World {rC+ Int+3
                  | Dex+2}
 42874 | Swamp:4  | Reached XP level 18. HP: 173/180 MP: 17/17
 42887 | Swamp:4  | Killed Donald
 43268 | Swamp:4  | Noticed a bone dragon
 43285 | Swamp:4  | Killed a bone dragon
 43552 | Swamp:4  | Got a decaying rune of Zot
 44066 | Orc:2    | Bought a ring of willpower for 375 gold pieces
 44203 | Elf:1    | Entered Level 1 of the Elven Halls
 44215 | Elf:1    | Received a gift from Trog
 44386 | Elf:1    | Identified the +9 falchion of Winter {freeze, Str+3}
 44841 | Elf:1    | Identified the +4 scale mail of Nolot {Int+3}
 44926 | Elf:1    | Received a gift from Trog
 44945 | Elf:1    | Noticed Louise
 44957 | Elf:1    | Killed Louise
 45674 | Elf:2    | Paralysed by an air elemental for 1 turns
 45732 | Elf:2    | Identified the +6 hand axe of Ucing {speed, rElec}
 46107 | Elf:2    | Found a runed translucent gate.
 46108 | Elf:2    | Found a runed translucent gate.
 46108 | Elf:2    | Found a runed translucent gate.
 46982 | Elf:3    | Entered Level 3 of the Elven Halls
 47116 | Elf:3    | Found Pyvisos's Tiny Tomes.
 47140 | Elf:3    | Paralysed by an air elemental for 1 turns
 47143 | Elf:3    | Received a gift from Trog
 47576 | Elf:3    | Reached XP level 19. HP: 167/189 MP: 18/18
 48071 | Elf:3    | Noticed Saint Roka
 48643 | Elf:3    | Killed Saint Roka
 49011 | Elf:3    | Identified the amulet "Vuatuidgh" {Reflect rPois rF- rC+
                  | Dex+4 SH+5}
 49011 | Elf:3    | Identified the +3 halberd of Starshine {flame, rPois rN+
                  | Will+ Int+2}
 49294 | Elf:3    | Identified the ring of Caefuel {Will+ Dex+6}
 51558 | Elf:3    | Identified the +0 ring mail "Ceetry" {Harm rN+++ Int+2
                  | Stlth-}
 52075 | Vaults:1 | Entered Level 1 of the Vaults
 52209 | Vaults:1 | Reached skill level 10 in Dodging
 53009 | Vaults:1 | Noticed Asterion
 53019 | Vaults:1 | Killed Asterion
 53720 | Vaults:1 | Identified the +6 falchion of the Gloaming {freeze, rPois
                  | rF+ Stlth+}
 54204 | Vaults:2 | Found a staircase to the Crypt.
 54204 | Vaults:2 | Found an ancient bone altar of Kikubaaqudgha.
 54204 | Vaults:2 | Found a basalt altar of Yredelemnul.
 54383 | Vaults:2 | Identified the +4 sling of Experimentation {elec, rPois rF+
                  | rC-}
 54472 | Vaults:2 | Identified the +10 hand axe "Cuurph" {flame, *Corrode
                  | +Blink rElec Dex-2} (Trog gifted it to you on level 2 of
                  | the Vaults)
 54472 | Vaults:2 | Received a gift from Trog
 54473 | Vaults:2 | Reached XP level 20. HP: 200/200 MP: 19/19
 55196 | Vaults:3 | Identified the +6 chain mail of the Shore {Will+ Dex-2
                  | SInv}
 55299 | Vaults:3 | Received a gift from Trog
 55753 | Vaults:3 | Received a gift from Trog
 55996 | Vaults:3 | Found Upseups's Armour Shoppe.
 56087 | Vaults:4 | Found Zare's Armour Emporium.
 56196 | Vaults:4 | Received a gift from Trog
 56213 | Vaults:4 | Reached XP level 21. HP: 211/211 MP: 20/20
 57436 | Depths:1 | Entered Level 1 of the Depths
 57486 | Depths:1 | Found a one-way gate leading to the halls of Pandemonium.
 57917 | Depths:1 | Received a gift from Trog
 57981 | Depths:1 | Noticed Mara
 57984 | Depths:1 | Noticed MacCMillion's illusion
 58004 | Depths:1 | Killed Mara
 58186 | Depths:1 | Found a one-way gate to the infinite horrors of the Abyss.
 58546 | Depths:1 | Found a one-way gateway to a ziggurat.
 58649 | Depths:1 | Found a gateway to Hell.
 58972 | Depths:2 | Noticed a juggernaut
 58982 | Depths:2 | Killed a juggernaut
 59060 | Depths:2 | Gained mutation: You are clumsy. (Dex -2) [a shining eye]
 59116 | Depths:2 | Identified the +0 robe of Ignis's Reproof {rElec rPois}
 59247 | Depths:2 | Found Riptuminn's Book Shop.
 59248 | Depths:2 | Found Pibaipn's Jewellery Shoppe.
 59250 | Depths:2 | Found Ynunireo's Book Shop.
 59266 | Depths:2 | Bought the ring "Furcheu" {rC+ Will+ Str+6} for 1056 gold
                  | pieces
 60509 | Depths:2 | Received a gift from Trog
 60630 | Depths:2 | Reached XP level 22. HP: 222/222 MP: 21/21
 60722 | Depths:2 | Found a runed translucent gate.
 60722 | Depths:2 | Found a runed translucent gate.
 60722 | Depths:2 | Found a runed translucent gate.
 60722 | Depths:2 | Noticed Viocziel's ghost (adept TrMo)
 60972 | Depths:3 | Noticed a golden dragon
 60986 | Depths:3 | Killed a golden dragon
 61350 | D:13     | Killed Mallanif's ghost
 61421 | D:13     | Identified the staff of Diet Blood {rF- rN+ Will+ Str+4
                  | Hexes Necro}
 61702 | Depths:3 | Received a gift from Trog
 61793 | Depths:3 | Noticed a caustic shrike
 61793 | Depths:3 | Noticed a caustic shrike
 61805 | Depths:3 | Killed a caustic shrike
 61805 | Depths:3 | Killed a caustic shrike
 61912 | Depths:3 | Identified the +3 orcbow of Hashemae {freeze, rCorr Str-3
                  | Dex+5 SInv}
 62455 | Depths:3 | Identified the ring of Neosiem {Fire Str+3}
 62519 | Depths:4 | Entered Level 4 of the Depths
 62727 | Depths:4 | Found a gate to the Realm of Zot.
 62859 | Depths:4 | Noticed a golden dragon
 62874 | Depths:4 | Killed a golden dragon
 62920 | Depths:4 | Noticed a golden dragon
 62947 | Depths:4 | Killed a golden dragon
 63101 | Depths:4 | Found a white marble altar of Elyvilon.
 63105 | Depths:4 | Noticed a caustic shrike
 63106 | Depths:4 | Noticed a caustic shrike
 63107 | Depths:4 | Noticed a caustic shrike
 63108 | Depths:4 | Noticed a caustic shrike
 63118 | Depths:4 | Killed a caustic shrike
 64067 | Depths:4 | Found a gate to the Realm of Zot.
 64108 | Depths:4 | Killed a caustic shrike
 64465 | Depths:4 | Killed a caustic shrike
 64467 | Depths:4 | Killed a caustic shrike
 64467 | Depths:4 | Received a gift from Trog
 64638 | Depths:4 | Found a white marble altar of Elyvilon.
 65215 | Crypt:1  | Entered Level 1 of the Crypt
 65508 | Crypt:1  | Reached skill level 15 in Dodging
 65519 | Crypt:1  | Reached XP level 23. HP: 111/232 MP: 22/22
 66448 | Crypt:2  | Noticed Sojobo
 66490 | Crypt:2  | Paralysed by an air elemental for 1 turns
 67256 | Crypt:1  | Paralysed by an air elemental for 1 turns
 67264 | Crypt:1  | Killed Sojobo
 67554 | Crypt:2  | Received a gift from Trog
 67838 | Crypt:2  | Noticed a royal mummy
 67841 | Crypt:2  | Noticed Khufu
 67882 | Crypt:2  | Noticed a royal mummy
 69273 | Crypt:1  | Killed Khufu
 69578 | Crypt:2  | Killed a royal mummy
 69582 | Crypt:2  | Killed a royal mummy
 70040 | Crypt:3  | Entered Level 3 of the Crypt
 70042 | Crypt:3  | Found a staircase to the Tomb.
 71292 | Crypt:3  | Received a gift from Trog
 71549 | Crypt:3  | Noticed a curse toe
 71555 | Crypt:3  | Identified the staff "Moubarpho" {Fly rElec Conj Ice Earth}
 71559 | Crypt:3  | Killed a curse toe
 71570 | Crypt:3  | Found a basalt altar of Yredelemnul.
 71596 | Crypt:3  | Found an ancient bone altar of Kikubaaqudgha.
 71922 | Crypt:3  | Identified the ring of Ycluk {Ice *Corrode Will+ MP+9
                  | Str+5}
 72301 | Vaults:5 | Entered Level 5 of the Vaults
 72303 | Vaults:5 | Noticed a dread lich
 72333 | Vaults:5 | Killed a dread lich
 72376 | Vaults:5 | Received a gift from Trog
 72426 | Vaults:5 | Found the +3 robe of Clouds {*Thunder rCloud rElec}
 72436 | Vaults:5 | Reached XP level 24. HP: 243/243 MP: 22/22
 72628 | Vaults:5 | Identified the +3 broad axe "Micyfal" {flame, Fly rF+
                  | Will-} (Trog gifted it to you on level 5 of the Vaults)
 72628 | Vaults:5 | Received a gift from Trog
 72787 | Vaults:5 | Identified the +3 hand cannon "Meloo" {antimagic, rF+}
 72799 | Vaults:5 | Identified the +11 quarterstaff of Conformity {elec, rPois}
 73135 | Vaults:5 | Noticed a dread lich
 73147 | Vaults:5 | Paralysed by a dread lich for 2 turns
 73149 | Vaults:5 | Noticed an ancient lich
 73155 | Vaults:5 | Killed a dread lich
 73309 | Vaults:5 | Killed an ancient lich
 73521 | Vaults:5 | Identified the ring "Fiome" {Fire rN++ rCorr Int-4 Stlth+}
 73707 | Vaults:5 | Identified the +5 hand axe of Weelibas {flame, *Corrode
                  | rN++ Str-4 SInv}
 73708 | Vaults:5 | Identified the +1 mace of Kismet {freeze, rC+ Will+ rCorr}
 73809 | Vaults:5 | Identified the +7 shortbow of Infinite Pain {antimagic,
                  | ^Contam +Blink Str+10 Stlth-}
 73860 | Vaults:5 | Identified the ring "Uschasagg" {EV+5 Dex+2}
 73933 | Vaults:5 | Identified the +0 scale mail "Urphae" {Int+3}
 73935 | Vaults:5 | Got a silver rune of Zot
 74020 | Vaults:5 | Noticed Xtahua
 74022 | Vaults:5 | Paralysed by Xtahua for 4 turns
 74041 | Vaults:5 | Killed Xtahua
 74476 | Zot:1    | Entered Level 1 of the Realm of Zot
 74665 | Zot:1    | Noticed a Killer Klown
 74666 | Zot:1    | Noticed a Killer Klown
 74675 | Zot:1    | Noticed a Killer Klown
 74679 | Zot:1    | Killed a Killer Klown
 74703 | Zot:1    | Killed a Killer Klown
 74714 | Zot:1    | Killed a Killer Klown
 74800 | Zot:1    | Found the +4 dragonskin cloak
 74800 | Zot:1    | Noticed Tiamat
 74815 | Zot:1    | Received a gift from Trog
 74838 | Zot:1    | Killed Tiamat
 75618 | Zot:2    | Found a transporter.
 75630 | Zot:2    | Found a transporter.
 75637 | Zot:2    | Noticed Heisao's ghost (legendary TrBe)
 75638 | Zot:2    | Noticed an orb of fire
 75650 | Zot:2    | Noticed Uneer's ghost (legendary GnFE)
 75680 | Zot:2    | Reached XP level 25. HP: 237/244 MP: 22/22
 75700 | Zot:2    | Noticed a Killer Klown
 75720 | Zot:2    | Killed a Killer Klown
 75863 | Zot:2    | Received a gift from Trog
 77140 | Zot:2    | Identified the +2 leather armour of the Ward {Will+ Int+4}
 78111 | Zot:3    | Found a transporter.
 78496 | Zot:3    | Noticed an orb of fire
 78498 | Zot:3    | Gained mutation: Your body sometimes deteriorates upon
                  | taking damage. [an orb of fire]
 78506 | Zot:3    | Killed an orb of fire
 78595 | Zot:4    | Received a gift from Trog
 78606 | Zot:3    | Reached skill level 27 in Armour
 78629 | Zot:4    | Reached skill level 27 in Fighting
 78659 | Zot:4    | Noticed a Killer Klown
 78666 | Zot:3    | Reached skill level 27 in Shields
 78798 | Zot:3    | Killed a Killer Klown
 79903 | Zot:4    | Reached XP level 26. HP: 257/259 MP: 22/22
 80289 | Zot:5    | Entered Level 5 of the Realm of Zot
 80405 | Zot:5    | Received a gift from Trog
 80406 | Zot:5    | Noticed an ancient lich
 80428 | Zot:5    | Killed an ancient lich
 80819 | Zot:5    | Noticed an ancient lich
 80824 | Zot:5    | Noticed an orb of fire
 80826 | Zot:5    | Gained mutation: Your health recovers twice as slowly from
                  | being drained. [an orb of fire]
 80832 | Zot:5    | Noticed an orb of fire
 80833 | Zot:5    | Killed an ancient lich
 80838 | Zot:5    | Killed an orb of fire
 81760 | Zot:5    | Killed an orb of fire
 81768 | Zot:5    | Reached skill level 27 in Axes
 81985 | Zot:5    | Noticed an orb of fire
 81992 | Zot:5    | Noticed an orb of fire
 82004 | Zot:5    | Killed an orb of fire
 82023 | Zot:5    | Gained mutation: You sometimes lose your temper in combat.
                  | [an orb of fire]
 82024 | Zot:5    | Killed an orb of fire
 82355 | Zot:5    | Received a gift from Trog
 82362 | Zot:5    | Lost mutation: Your health recovers twice as slowly from
                  | being drained. [potion of mutation]
 82362 | Zot:5    | Lost mutation: You are clumsy. (Dex -2) [potion of
                  | mutation]
 82362 | Zot:5    | Gained mutation: Armour fits poorly on your strangely
                  | shaped body. [potion of mutation]
 82362 | Zot:5    | Gained mutation: Your magical capacity is low. (-10% MP)
                  | [potion of mutation]
 82363 | Zot:5    | Lost mutation: Your body sometimes deteriorates upon taking
                  | damage. [potion of mutation]
 82363 | Zot:5    | Lost mutation: Your magical capacity is low. (-10% MP)
                  | [potion of mutation]
 82363 | Zot:5    | Gained mutation: Your body sometimes deteriorates upon
                  | taking damage. [potion of mutation]
 82363 | Zot:5    | Gained mutation: Your muscles are strong. (Str +4, Int/Dex
                  | -1) [potion of mutation]
 82364 | Zot:5    | Lost mutation: Your body sometimes deteriorates upon taking
                  | damage. [potion of mutation]
 82364 | Zot:5    | Lost mutation: Your muscles are strong. (Str +4, Int/Dex
                  | -1) [potion of mutation]
 82364 | Zot:5    | Lost mutation: Armour fits poorly on your strangely shaped
                  | body. [potion of mutation]
 82364 | Zot:5    | Gained mutation: You are vulnerable to cold. (rC-) [potion
                  | of mutation]
 82364 | Zot:5    | Gained mutation: You occasionally lose the ability to read
                  | scrolls when taking damage. [potion of mutation]
 82364 | Zot:5    | Gained mutation: You have a pair of large horns on your
                  | head. [potion of mutation]
 82365 | Zot:5    | Lost mutation: You are vulnerable to cold. (rC-) [potion of
                  | mutation]
 82365 | Zot:5    | Lost mutation: You have a pair of large horns on your head.
                  | [potion of mutation]
 82365 | Zot:5    | Gained mutation: You have large cloven feet. [potion of
                  | mutation]
 82366 | Zot:5    | Lost mutation: You sometimes lose your temper in combat.
                  | [potion of mutation]
 82366 | Zot:5    | Lost mutation: You have large cloven feet. [potion of
                  | mutation]
 82366 | Zot:5    | Gained mutation: You occasionally lose the ability to drink
                  | potions when taking damage. [potion of mutation]
 82442 | Zot:5    | Noticed an orb of fire
 82443 | Zot:5    | Gained mutation: Potions are less effective at restoring
                  | your health. [an orb of fire]
 82882 | Zot:5    | Gained mutation: Armour fits poorly on your strangely
                  | shaped body. [an orb of fire]
 82891 | Zot:5    | Gained mutation: Your body sometimes deteriorates upon
                  | taking damage. [an orb of fire]
 82902 | Zot:5    | Killed an orb of fire
 83343 | Zot:5    | Got the Orb of Zot
 83365 | Zot:5    | Noticed a seraph
 83517 | Zot:2    | Noticed Qyudi the pandemonium lord
 83577 | Depths:4 | Noticed Bawn the pandemonium lord
 83889 | D:8      | Gained mutation: You have hidden genetic potential. [a
                  | cacodemon]
 83890 | D:8      | Gained mutation: You are weak. (Str -2) [a cacodemon]
 84118 | D:$      | Escaped with the Orb!

Illustrated notes

Levels and vault maps discovered:
D:1:      dpeg_arrival_simpleton_a, layout_loops_ring, minmay_misc_feat_ornament
D:2:      layout_basic, nicolae_elevator_lobby_asterisk, uniq_terence
D:3:      layout_basic, mainiacjoe_overflow_alcove_1, serial_shops, shop,
          grunt_ministairs_8, minmay_close_crescents
D:4:      layout_gridville, mainiacjoe_overflow_six_doors_small,
          fedhas_ov_isle_minmay, minmay_temple_entry_mini_moons
D:5:      layout_layer_cave
D:6:      layout_loops_ring, grunt_dithmenos_smoke_and_mirrors, chequers_garden,
          serial_bayou_pond_b, uniq_menkaure
D:7:      layout_basic, serial_shops, shop_statue, minmay_puff, uniq_duvessa
D:8:      layout_basic, xom_redecorated
D:9:      minmay_the_grid_triangle_9x9_rhombus_full
          [minmay_the_grid_triangle_9x9_flanged_cone,
          minmay_the_grid_triangle_9x9_skeleton,
          minmay_the_grid_triangle_9x9_sparse_checkered,
          minmay_the_grid_triangle_9x9_thin_v,
          minmay_the_grid_triangle_9x9_from_above,
          minmay_the_grid_triangle_9x9_corruption,
          minmay_the_grid_triangle_9x9_intruding_spiral,
          minmay_the_grid_triangle_9x9_prize_top_heavy], layout_loops_corners,
          general_overflow_altar, kennysheep_okawaru_gauntlet,
          amcnicky_mini_pool_small, uniq_prince_ribbit1, uniq_maggie,
          uniq_harold
D:10:     layout_stronghold, cheibrodos_worm_habitat,
          nicolae_overflow_hidden_temple, gammafunk_ghost_smash,
          minmay_misc_feat_nine_boxes, dk_rats_in_the_wall
D:11:     layout_rooms, uniq_maurice
D:12:     layout_cave_pools, uniq_jorgrun, uniq_lodul
D:13:     layout_roguey, gammafunk_ghost_necromancy
D:14:     layout_irregular_city, erik_vaults_1, nicolae_benzene_ring,
          minivault_16
D:15:     grunt_enter_depths_snipers, layout_cave_pools, led_sif_pool
Lair:1:   layout_big_grid
Lair:2:   layout_misc_corridors, nicolae_snake_entry_squirm, grunt_megastairs_5,
          lemuel_fruit_tree
Lair:3:   layout_roguey, minmay_swamp_entry_worms
Lair:4:   layout_gridlike
Lair:5:   minmay_lair_end_frog_pond, layout_regular_city,
          minmay_slime_entry_oklob_open, basic_altar, dpeg_oklob_1, uniq_kirke,
          uniq_sonja
Swamp:1:  layout_basic_swamp, portal_ice_cave_entry_ice_statue_one,
          serial_swamp_ruin, evilmike_swamp_ruin_rubble_1,
          evilmike_swamp_ruin_house_4
Swamp:2:  layout_basic_swamp, nicolae_swamp_tree_isthmus
Swamp:3:  layout_basic_swamp, nicolae_swamp_little_swirl, swamp_pool_5
Swamp:4:  swamp_pestilence, layout_basic_swamp, infiniplex_staircase_pool_2,
          uniq_donald
Snake:1:  layout_misc_corridors
Snake:2:  cheibrodos_forgotten_conduit, layout_misc_corridors,
          serial_bayou_shore_a, minmay_shop_star, uniq_aizul
Snake:3:  layout_honeycomb, grunt_ministairs_6
Snake:4:  minmay_snake_end_coiled, layout_cave_town, uniq_nikola, uniq_vashnia,
          uniq_roxanne
Orc:1:    layout_caves
Orc:2:    st_orc_mages, layout_caves
Elf:1:    nicolae_elf_arrival_fired_up, layout_loops_corners,
          minmay_elf_sorcery, uniq_louise
Elf:2:    nicolae_elf_blades_crystal_corner, layout_gridlike
Elf:3:    elf_hall, layout_geoelf_grid, nicolae_shop_i_like_small_books_too,
          minivault_24, uniq_saint_roka
Vaults:1: nicolae_vaults_trapezoid_lopsided_2, nicolae_vaults_more_shelving_2,
          hangedman_vaults_trim, hangedman_vaults_restitches,
          nicolae_vaults_storage_closets_3, nicolae_vaults_two_Ls,
          nicolae_vaults_closet_pinwheel_1, nicolae_vaults_rhombus_6,
          nicolae_vaults_closet_pinwheel_3, nicolae_vaults_enemy_cabinets,
          layout_vaults_omnigrid, uniq_asterion
Vaults:2: nicolae_vaults_network_periphery, nicolae_vaults_tangram_1,
          nicolae_vaults_apartment_2, hangedman_vaults_snaps,
          ontoclasm_vaults_ligature, nicolae_vaults_cochlea,
          vaults_room_hallway, v_misc_3, nicolae_vaults_security_offices_2,
          nicolae_vaults_closet_pinwheel_4, vaults_mumra_hex,
          layout_vaults_ring, minmay_crypt_entry_necro_gods
Vaults:3: vaults_room_stairs_pillars, hangedman_vaults_hat,
          nicolae_vaults_double_plus_3, nicolae_vaults_double_plus_1,
          special_room_vaults [special_room_orc], nicolae_vaults_double_plus_2,
          vaults_standard_mumra_lines, hangedman_vaults_nodes,
          nicolae_vaults_turnstiles, v_misc_29, ontoclasm_vaults_loading_screen,
          grunt_vaults_focal, layout_vaults_omnibox, serial_shops,
          nicolae_shop_scrapyard
Vaults:4: hangedman_vaults_unwind, v_misc_27, v_misc_8, vaults_dpeg_diagonal,
          ontoclasm_vaults_hangar, nicolae_vaults_steering_wheel,
          nicolae_vaults_offset_grid_hallway_4, hangedman_vaults_capsules,
          nicolae_vaults_storage_closets_1, v_misc_12, v_misc_14,
          nicolae_vaults_statue_guard, nicolae_vaults_trapezoid_3,
          ontoclasm_vaults_loading_screen, nicolae_vaults_tetromino_T_1,
          layout_vaults_omnicross, serial_shops, shop
Vaults:5: serial_shops, uniq_xtahua
Crypt:1:  layout_regular_city, nicolae_crypt_soggy_tomb, skrybe_necro_troll_2
Crypt:2:  layout_gridlike, serial_sigils_hangedman_shear, uniq_khufu,
          uniq_sojobo
Crypt:3:  lightli_unholy_cathedral, layout_chaotic_city,
          tomb_entry_forgotten_bobbens
Depths:1: layout_gridlike, enter_ziggurat_a, pan_entry, nicolae_titane,
          pf_hell_entry_tar_spiral, abyss_entry, minmay_fountain_box,
          minmay_pinched_square, uniq_mara
Depths:2: regret_index_reflect_refract, layout_small_grid,
          rand_demon_pan_entry_7, ebering_ghost_rock_garden, hell_entry,
          kennysheep_minor_cross, dreamdust_wishing_well, minmay_shop_grove
Depths:3: evilmike_horseshoe, layout_long_grid, hell_entry,
          minmay_misc_feat_encased, abyss_entry, grunt_decor_fettered,
          dispersion_dpeg
Depths:4: grunt_zot_entry_pinwheel, layout_basic, grunt_mini_vestibule,
          elyvilon_altar_4, grunt_ministairs_2
Zot:1:    circus_mu, layout_basic, bh_zot_levy_curve, grunt_megastairs_3,
          uniq_tiamat
Zot:2:    regret_index_all_hallows'_manor, layout_gridville, nzn_ghost_randoct
Zot:3:    lemuel_firehouse, layout_concentric_octagons,
          hangedman_zot_decor_tridents, nicolae_diode_basic
Zot:4:    layout_onion_interference, st_stairs_6, grunt_megastairs_2
Zot:5:    layout_misc_corridors

Skill      XL: |  1  2  3  4  5  6  7  8  9 10 11 12 13 14 15 16 17 18 19 20 21 22 23 24 25 26 |
---------------+-------------------------------------------------------------------------------+-----
Fighting       | 4 6 8 9 10 11 14 16 17 19 20 21 22 23 24 25 26 27 | 27.0
Axes           | 4 5 7 9 11 12 13 15 16 18 19 20 21 22 24 27 | 27.0
Armour         | 3 4 6 8 9 10 13 15 17 18 20 21 22 23 24 25 26 27 | 27.0
Dodging        | 3 4 5 7 8 10 12 13 15 16 17 18 20 | 20.7
Evocations     | 3 6 8 10 11 12 | 12.2
Shields        | 4 6 10 11 14 15 18 21 22 23 24 25 26 27 | 27.0
Throwing       | 3 |  3.0

Action                     |  1- 3 |  4- 6 |  7- 9 | 10-12 | 13-15 | 16-18 | 19-21 | 22-24 | 25-27 || total
---------------------------+-------+-------+-------+-------+-------+-------+-------+-------+-------++-------
  Melee: Hand axe          |    59 |    91 |   176 |   539 |   401 |       |       |       |       ||  1266
         Headbutt          |     7 |    13 |    54 |   136 |   230 |   321 |   434 |   494 |   310 ||  1999
         Punch             |     1 |     2 |     5 |     1 |       |       |       |       |       ||     9
         War axe           |       |       |   122 |       |       |       |       |       |       ||   122
         Flail             |       |       |       |    12 |    15 |    32 |       |       |       ||    59
         Unarmed           |       |       |       |       |    20 |       |       |       |       ||    20
         Broad axe         |       |       |       |       |   565 |  1164 |  1440 |  1637 |  1054 ||  5860
  Throw: Dart              |       |       |       |     3 |     4 |       |       |       |       ||     7
 Invoke: Berserk           |     1 |     3 |    11 |    10 |     6 |     4 |     2 |     3 |     2 ||    42
         Trog's Hand       |       |       |     1 |       |     2 |     7 |     6 |     3 |       ||    19
         Brothers in Arms  |       |       |       |       |     2 |     7 |    11 |     9 |     8 ||    37
  Evoke: Wand              |       |       |     1 |     6 |     9 |    12 |    10 |     1 |       ||    39
         Phial of floods   |       |       |       |       |       |       |       |     1 |     1 ||     2
         Lightning rod     |       |       |       |       |       |       |       |     2 |     1 ||     3
         Phantom mirror    |       |       |       |       |       |       |       |       |     1 ||     1
    Use: Scroll            |       |       |     7 |    12 |    12 |     4 |    12 |    17 |     8 ||    72
         Potion            |       |       |       |       |       |       |     3 |     6 |    10 ||    19
   Stab: Sleeping          |     1 |       |       |       |       |       |       |       |       ||     1
         Distracted        |       |       |       |       |       |     1 |     1 |       |     1 ||     3
         Invisible         |       |       |       |       |       |       |     2 |     1 |       ||     3
 Armour: Animal skin       |    24 |     8 |       |       |       |       |       |       |       ||    32
         Scale mail        |       |    27 |    12 |       |       |       |       |       |       ||    39
         Chain mail        |       |       |    66 |       |       |       |       |       |       ||    66
         Plate armour      |       |       |    73 |   243 |   494 |   489 |   427 |    35 |       ||  1761
         Skin              |       |       |    11 |       |    17 |       |       |       |       ||    28
         Ice dragon scales |       |       |       |       |       |    59 |       |       |       ||    59
         Gold dragon scale |       |       |       |       |       |       |       |   813 |   624 ||  1437
  Dodge: Dodged            |    34 |    46 |   123 |   187 |   252 |   230 |   240 |   302 |   258 ||  1672
         Repelled          |       |       |     1 |     3 |    11 |    45 |     8 |    27 |    26 ||   121
  Block: Buckler           |       |       |       |   113 |       |       |       |       |       ||   113
         Kite shield       |       |       |       |    78 |   701 |   445 |       |       |       ||  1224
         Reflection        |       |       |       |       |    76 |   129 |   119 |    36 |    17 ||   377
         Tower shield      |       |       |       |       |       |   588 |  1686 |  1890 |  1349 ||  5513
